 Dungeon Crawl Stone Soup version 0.30.0-29-ga12c61a403 (webtiles) character file.

Game seed: 2971956214514040366

518 Fodor the Shield-Bearer (level 7, -3/59 HPs)
             Began as a Minotaur Fighter on June 11, 2023.
             Was a Believer of Sif Muna.
             Slain by a white imp (4 damage)
             ... on level 5 of the Dungeon.
             The game lasted 00:17:33 (3489 turns).

Fodor the Shield-Bearer (Minotaur Fighter)          Turns: 3489, Time: 00:17:36

Health: -3/59      AC: 11    Str: 22    XL:     7   Next: 1%
Magic:  6/6        EV:  6    Int:  5    God:    Sif Muna [**....]
Gold:   190        SH: 18    Dex: 12    Spells: 6/6 levels left

rFire   . . .        t - +4 dagger of Qeomenn {spect, rElec Str+2}
rCold   . . .        y - +0 tower shield
rNeg    . . .        m - +0 chain mail
rPois   .            (helmet restricted)
rElec   +            (no cloak)
rCorr   .            (no gloves)
SInv    .            B - +0 pair of boots
Will    .....        o - amulet of reflection Stlth
                     (no ring)
HPRegen 0.29/turn    (no ring)
MPRegen 0.10/turn

%: reflection
@: attractive
A: horns 2, retaliatory headbutt
a: Renounce Religion, Channel Magic


You were on level 5 of the Dungeon.
You worshipped Sif Muna.
Sif Muna was pleased with you.
You visited 1 branch of the dungeon, and saw 5 of its levels.

You collected 262 gold pieces.
You spent 72 gold pieces at shops.

Inventory:

Hand Weapons
 a - a +0 long sword
 t - the +4 dagger of Qeomenn (weapon) {spect, rElec Str+2}
   (You found it on level 2 of the Dungeon)

   Str:       It affects your strength (+2).
   rElec:     It insulates you from electricity.
Missiles
 e - 37 stones
 k - 2 poisoned darts
Armour
 c - a +0 buckler
 m - a +0 chain mail (worn)
 y - a +0 tower shield (worn)
 B - a +0 pair of boots (worn)
Jewellery
 g - a ring of magical power
 o - an amulet of reflection (around neck)
 r - a ring of ice
 C - a ring of flight
Wands
 A - a wand of charming (10) (quivered)
Scrolls
 b - a scroll of enchant weapon {unknown}
 f - a scroll of brand weapon {unknown}
 i - a scroll of poison {unknown}
 j - 3 scrolls of magic mapping {unknown}
 n - 2 scrolls of blinking {unknown}
 p - 3 scrolls of teleportation {unknown}
 u - 2 scrolls of identify {unknown}
 x - a scroll of vulnerability {unknown}
 z - a scroll of fog {unknown}
 F - a scroll of fear {unknown}
Potions
 d - a potion of might
 h - a potion of ambrosia {unknown}
 l - a potion of degeneration {unknown}
 q - a potion of resistance {unknown}
 s - a potion of brilliance {unknown}
 v - a potion of magic {unknown}
 w - a potion of mutation {unknown}
 D - a potion of cancellation {unknown}
 E - a potion of attraction


   Skills:
 + Level 4.2 Fighting
 + Level 3.5(4.2) Short Blades
 + Level 3.8(4.6) Long Blades
 + Level 0.4 Throwing
 + Level 5.2 Armour
 + Level 1.4 Dodging
 + Level 0.1 Stealth
 + Level 6.3 Shields


You had 6 spell levels left.
You didn't know any spells.
Your spell library contained the following spells:

 Spells                   Type           Power      Damage    Failure   Level
 Necrotise                Necr           0%         1d4       100%        1
 Sting                    Tmut/Pois      0%         1d3       100%        1
 Poisonous Vapours        Pois/Air       0%         N/A       100%        2
 Vampiric Draining        Necr           0%         2d6       100%        3
 Olgreb's Toxic Radiance  Pois           0%         N/A       100%        4
 Agony                    Necr           0%         N/A       100%        5


Dungeon Overview and Level Annotations

Branches:
Dungeon (5/15)
 Temple: D:4-7

Altars:
Elyvilon
Sif Muna
Yredelemnul

Shops:
D:2 *   D:4 [


Innate Abilities, Weirdness & Mutations

You have a pair of horns on your head.
You reflexively headbutt those who attack you in melee.


Message History

* * * LOW HITPOINT WARNING * * *
Found a wooden wand.
The white imp gestures at you.
You block puff of frost... and reflect it back!
The puff of frost hits the white imp.
The white imp resists.
You hit the iguana.
The iguana is moderately wounded.
Your +4 dagger of Qeomenn {spect, rElec Str+2} barely misses the iguana.
The white imp hits your +4 dagger of Qeomenn {spect, rElec Str+2} but does no damage.
The iguana bites you!
* * * LOW HITPOINT WARNING * * *
You barely miss the iguana.
The iguana is moderately wounded.
Your +4 dagger of Qeomenn {spect, rElec Str+2} hits the iguana.
The white imp puffs mist at you.
The white imp misses your +4 dagger of Qeomenn {spect, rElec Str+2}.
The iguana bites you but does no damage.
The dart slug bites your +4 dagger of Qeomenn {spect, rElec Str+2} but does no damage.
You completely miss the iguana.
The iguana is severely wounded.
Your +4 dagger of Qeomenn {spect, rElec Str+2} barely misses the iguana.
The white imp gestures at you.
You block puff of frost... and reflect it back!
The puff of frost hits the iguana!
You kill the iguana!
Sif Muna accepts your kill.
You have reached level 7!
You closely miss the white imp. You headbutt the white imp.
The white imp is severely wounded.
Your +4 dagger of Qeomenn {spect, rElec Str+2} hits the white imp but does no damage.
The white imp gestures at you. The puff of frost hits you.
* * * LOW HITPOINT WARNING * * *
It was a potion of attraction.
You feel attractive to monsters.
Your +4 dagger of Qeomenn {spect, rElec Str+2} disappears.
You block the dart slug's attack. The white imp hits you.
* * * LOW HITPOINT WARNING * * *
The white imp freezes you.
You die...

.... )........
....### #.!.......
.......##......../
........#.........
.<.....<..........
..................
........))).......
.?.......)5.......
...#...#.w@.......
## ###......##....
#....#.... ..#
#..####.[.... ###
........#
.#..##### # .## .#


You could see a white imp and a dart slug.

Vanquished Creatures
  A human (D:4)
  An ice beast (D:5)
  A centaur (D:5)
  A phantom (D:4)
  A hound (D:4)
  An iguana (D:5)
  3 adders
  A worm (D:2)
  A dart slug (D:2)
  6 orcs
  6 ball pythons
  7 endoplasms
  2 giant cockroaches
  5 hobgoblins
  9 jackals
  5 kobolds
  4 quokkas
  5 bats
  2 frilled lizards
  10 goblins
  A goblin zombie (D:4)
  A jackal skeleton (D:4)
  7 rats
81 creatures vanquished.

Vanquished Creatures (others)
  An orc wizard (D:5)
1 creature vanquished.

Grand Total: 82 creatures vanquished

Notes
Turn   | Place    | Note
-------+----------+-------------------------------------------
     0 | D:1      | Fodor the Minotaur Fighter began the quest for the Orb.
     0 | D:1      | Reached XP level 1. HP: 19/19 MP: 0/0
     2 | D:1      | Noticed a merfolk
     2 | D:1      | Noticed a vine stalker
     4 | D:1      | Noticed a spriggan
     4 | D:1      | Noticed a human
     7 | D:1      | Noticed a felid
     9 | D:1      | Noticed a draconian
    11 | D:1      | Noticed a tengu
    11 | D:1      | Noticed a demigod
    13 | D:1      | Noticed a naga
    13 | D:1      | Noticed a formicid
    15 | D:1      | Noticed a vampire
    15 | D:1      | Noticed a meteoran
    17 | D:1      | Noticed an octopode
    17 | D:1      | Noticed a ghoul
    19 | D:1      | Noticed a demonspawn
    21 | D:1      | Noticed an elf
    21 | D:1      | Noticed a troll
    23 | D:1      | Noticed an ogre
    23 | D:1      | Noticed a gargoyle
    25 | D:1      | Noticed an armataur
    25 | D:1      | Noticed a demigod
    27 | D:1      | Noticed an ogre
    27 | D:1      | Noticed an elf
   234 | D:1      | Reached XP level 2. HP: 27/27 MP: 1/1
   662 | D:1      | Reached skill level 4 in Shields
   892 | D:2      | Found Peloh's Assorted Antiques.
   908 | D:2      | Bought a scroll labelled FABUKL OCKUNAONG for 18 gold
                  | pieces
   908 | D:2      | Bought a scroll labelled JUHOEDOIDGH for 18 gold pieces
   908 | D:2      | Bought a scroll labelled JUHOEDOIDGH for 18 gold pieces
   908 | D:2      | Bought a scroll labelled GIEW FAAXIPPO for 18 gold pieces
  1152 | D:2      | Reached XP level 3. HP: 33/33 MP: 2/2
  1194 | D:2      | Found a faded altar of an unknown god.
  1256 | D:2      | Prayed at the altar of an unknown god.
  1256 | D:2      | Became a worshipper of Sif Muna the Loreminder
  1256 | D:2      | Reached * piety under Sif Muna
  1409 | D:2      | Identified the +4 dagger of Qeomenn {spect, rElec Str+2}
  1431 | D:2      | Found a white marble altar of Elyvilon.
  1945 | D:3      | Reached XP level 4. HP: 40/40 MP: 3/3
  2225 | D:3      | Reached ** piety under Sif Muna
  2870 | D:4      | Noticed a phantom
  2879 | D:4      | Killed a phantom
  2880 | D:4      | Reached skill level 1 in Short Blades
  2880 | D:4      | Reached skill level 1 in Dodging
  2880 | D:4      | Reached XP level 5. HP: 46/46 MP: 4/4
  2914 | D:4      | Found a runed translucent door.
  2914 | D:4      | Noticed a human
  2925 | D:4      | Reached skill level 5 in Shields
  2926 | D:4      | Found a basalt altar of Yredelemnul.
  2948 | D:4      | Killed a human
  2949 | D:4      | Reached skill level 5 in Armour
  2949 | D:4      | Reached XP level 6. HP: 52/52 MP: 5/5
  3337 | D:4      | Found Dumaf's Armour Emporium.
  3468 | D:5      | Entered Level 5 of the Dungeon
  3468 | D:5      | Noticed an ice beast
  3475 | D:5      | Killed an ice beast
  3476 | D:5      | Reached skill level 6 in Shields
  3488 | D:5      | Reached XP level 7. HP: 6/59 MP: 6/6
  3488 | D:5      | HP: 2/59 [white imp/puff of frost (5)]
  3489 | D:5      | Slain by a white imp

Illustrated notes

Levels and vault maps discovered:
D:1:      kb_arrival_jail, layout_basic
D:2:      layout_basic, basic_altar, serial_shops, shop,
          hellmonk_ecumenical_altar_run_dry, serial_park_tiny_pond
D:3:      layout_basic
D:4:      layout_cave_pools, dk_yredelemnul_ordeal, serial_shops, shop
D:5:      layout_rooms, ebering_ghost_sewer_d, kennysheep_generic_room_10

Skill      XL: |  1  2  3  4  5  6 |
---------------+-------------------+-----
Armour         | 4 5 |  5.2
Long Blades    | 3 |  3.8
Shields        | 4 5 6 |  6.3
Fighting       | 4 |  4.2
Short Blades   | 1 2 3 |  3.5
Dodging        | 1 |  1.4
Throwing       | |  0.4
Stealth        | |  0.1

Action                     |  1- 3 |  4- 6 |  7- 9 || total
---------------------------+-------+-------+-------++-------
  Melee: Long sword        |    80 |       |       ||    80
         Headbutt          |     8 |    11 |     1 ||    20
         Dagger            |    29 |    75 |     1 ||   105
  Throw: Dart              |       |     2 |       ||     2
         Stone             |       |     2 |       ||     2
  Evoke: Wand              |       |     1 |       ||     1
    Use: Potion            |       |       |     1 ||     1
 Armour: Scale mail        |    23 |       |       ||    23
         Chain mail        |    25 |    17 |       ||    42
  Dodge: Dodged            |    44 |    12 |       ||    56
  Block: Buckler           |    42 |     1 |       ||    43
         Reflection        |     3 |     7 |       ||    10
         Tower shield      |       |    80 |     1 ||    81
